 Seeded DCSS version 0.28-a0-1555-g9ae15a6949 (webtiles) character file.

Game seed: 50 (custom seed)

560 knot the Chopper (level 7, 28/78 HPs)
             Began as a Demonspawn Berserker on Jan 19, 2022.
             Was a Follower of Trog.
             Quit the game on level 5 of the Dungeon.
             The game lasted 00:04:27 (4602 turns).

knot the Chopper (Demonspawn Berserker)             Turns: 4602, Time: 00:04:27

Health: 28/78      AC:  6    Str: 18    XL:     7   Next: 9%
Magic:  7/7        EV: 15    Int: 10    God:    Trog [*.....]
Gold:   255        SH:  0    Dex: 12    Spells: 6/6 levels left

rFire   . . .      SeeInvis .   v - +1 whip (elec)
rCold   . . .      Faith    .   (no shield)
rNeg    . . .      Spirit   .   w - +0 ring mail
rPois   +          Reflect  .   (helmet restricted)
rElec   .          Harm     .   (no cloak)
rCorr   .          Rampage  .   p - +0 pair of gloves
Will    .....                   (no boots)
Stlth   ..........              (no amulet)
HPRegen 0.23/turn               q - ring of poison resistance
MPRegen 0.10/turn               s - +4 ring of evasion

@: berserking, very quick
A: antennae 1, powered by death 1, sanguine armour 1
a: Renounce Religion, Berserk


You were on level 5 of the Dungeon.
You worshipped Trog.
Trog was aware of your devotion.
You visited 1 branch of the dungeon, and saw 5 of its levels.

You collected 255 gold pieces.

Inventory:

Hand Weapons
 a - a +0 hand axe
 v - a +1 whip of electrocution (weapon)
Missiles
 b - 21 sling bullets
 d - 104 stones (quivered)
Armour
 p - a +0 pair of gloves (worn)
 w - a +0 ring mail (worn)
Jewellery
 q - a ring of poison resistance (left hand)
 s - a +4 ring of evasion (right hand)
Wands
 t - a wand of flame (2)
Scrolls
 c - a scroll of fog {unknown}
 e - 3 scrolls of identify {unknown}
 f - 2 scrolls of brand weapon {unknown}
 g - 2 scrolls of silence {unknown}
 k - a scroll of blinking {unknown}
 l - a scroll of teleportation {unknown}
 m - a scroll of enchant weapon {unknown}
 x - a scroll of amnesia {unknown}
Potions
 h - a potion of curing {unknown}
 i - a potion of invisibility {unknown}
 j - a potion of heal wounds {unknown}
 n - 2 potions of magic {unknown}
 o - 2 potions of degeneration {unknown}
 u - a potion of lignification {unknown}


   Skills:
 - Level 3.0 Fighting
 + Level 7.5 Axes
 - Level 1.7 Armour
 - Level 1.7 Dodging


You had 6 spell levels left.
You didn't know any spells.
Your spell library contained the following spells:

 Spells                   Type           Power      Damage    Failure   Level
 Foxfire                  Conj/Fire      0%         2x1d4     54%         1


Dungeon Overview and Level Annotations

Branches:
Dungeon (5/15)             Temple (0/1) D:4

Altars:
Makhleb
Okawaru
Yredelemnul
Zin

Shops:
D:2 [

Annotations:
D:3 1 runed translucent door, Crazy Yiuf


Innate Abilities, Weirdness & Mutations

You have a pair of small antennae on your head.
You regenerate a little health from kills.
When seriously injured, your blood forms armour. (AC +0)


Message History

Edmund hits you with a +4 flail of protection.
You closely miss Edmund.
Edmund is lightly wounded.
Edmund closely misses you.
You hit Edmund but do no damage. Lightning courses through Edmund!
Edmund is heavily wounded.
Edmund hits you with a +4 flail of protection.
You barely miss Edmund.
Edmund is heavily wounded.
Edmund looks more healthy.
Edmund hits you with a +4 flail of protection!
You closely miss Edmund.
Edmund is heavily wounded.
You hit Edmund.
Edmund is severely wounded.
Edmund hits you with a +4 flail of protection.
You hit Edmund but do no damage.
Edmund is severely wounded.
Edmund barely misses you.
You barely miss Edmund.
Edmund is severely wounded.
Edmund hits you with a +4 flail of protection!
You are too injured to fight recklessly!
You are too injured to fight recklessly!
You are too injured to fight recklessly!
A red film seems to cover your vision as you go berserk!
You feel yourself moving faster!
You feel mighty!
Edmund hits you with a +4 flail of protection.
You hit Edmund.
Edmund is almost dead.
Edmund closely misses you.
You whack Edmund!
Edmund is almost dead.
You hit Edmund.
You kill Edmund!
Trog accepts your kill.
You have reached level 7!
Your demonic ancestry asserts itself...
You feel your blood ready itself to protect you.
Are you sure you want to abandon this character and quit the game? (Confirm with "yes".)

#.(##.##...###
#((.(..#..(..........
#......#.............
#.(....#.............
#......+.............
#......#............[
#......#.>..........#
#..>)..####..####...#
#@.....#..########
#......#.........#
#......†.........'
#......#.........#
###......##+########
#.................
#...).............
#.................
#.................


There were no monsters in sight!

Vanquished Creatures
  Edmund (D:5)
  An ogre (D:4)
  3 hounds
  3 orc priests (D:4)
  Jessica (D:3)
  2 iguanas
  Ijyb (D:3)
  2 adders
  A dart slug (D:1)
  9 orcs
  3 endoplasms
  5 giant cockroaches
  9 goblins
  3 hobgoblins
  3 jackals (D:4)
  A quokka (D:1)
  3 ball pythons
  3 bats
  4 kobolds
  2 rats
60 creatures vanquished.

Notes
Turn   | Place    | Note
-------+----------+-------------------------------------------
     0 | D:1      | knot the Demonspawn Berserker began the quest for the Orb.
     0 | D:1      | Reached XP level 1. HP: 18/18 MP: 1/1
   233 | D:1      | Found a faded altar of an unknown god.
   239 | D:1      | Got Plato's Tome of Heat
   404 | D:1      | Reached skill level 3 in Axes
   755 | D:1      | Gained mutation: You have a pair of small antennae on your
                  | head. [demonic ancestry]
   755 | D:1      | Reached XP level 2. HP: 24/24 MP: 2/2
  1165 | D:2      | Found Plog's Antique Armour Boutique.
  1911 | D:3      | Found a burning altar of Makhleb.
  1915 | D:3      | Noticed a cacodemon
  1918 | D:3      | Noticed an angel
  1920 | D:3      | Noticed Ijyb
  1934 | D:3      | Killed Ijyb
  1935 | D:3      | Reached skill level 4 in Axes
  1935 | D:3      | Reached XP level 3. HP: 19/29 MP: 3/3
  2135 | D:3      | Noticed Jessica
  2137 | D:3      | Killed Jessica
  2138 | D:3      | Reached XP level 4. HP: 35/35 MP: 4/4
  2200 | D:3      | Found a basalt altar of Yredelemnul.
  2670 | D:3      | Found a runed translucent door.
  2671 | D:3      | Noticed Crazy Yiuf
  2949 | D:4      | HP: 1/52 [iguana (9)]
  2955 | D:4      | Reached skill level 5 in Axes
  3269 | D:4      | Gained mutation: You regenerate a little health from kills.
                  | [demonic ancestry]
  3269 | D:4      | Reached XP level 5. HP: 41/41 MP: 5/5
  3694 | D:4      | Noticed an ogre
  3702 | D:4      | Killed an ogre
  3703 | D:4      | Reached skill level 6 in Axes
  3939 | D:4      | Reached XP level 6. HP: 35/47 MP: 6/6
  4143 | D:4      | Found an iron altar of Okawaru.
  4156 | D:4      | Found a staircase to the Ecumenical Temple.
  4423 | D:5      | Entered Level 5 of the Dungeon
  4566 | D:5      | Reached skill level 7 in Axes
  4584 | D:5      | Noticed Edmund
  4601 | D:5      | Killed Edmund
  4602 | D:5      | Gained mutation: When seriously injured, your blood forms
                  | armour. (AC +0) [demonic ancestry]
  4602 | D:5      | Reached XP level 7. HP: 28/52 MP: 7/7
  4602 | D:5      | Quit the game

Illustrated notes

Levels and vault maps discovered:
D:1:      doesnt_arrival_eight_statues, layout_loops_ring,
          shapermc_ecumenical_altar_rom_forum, minmay_tripent
D:2:      layout_loops_cross, serial_shops, shop
D:3:      layout_loops_ring, mainiacjoe_overflow_boulevard,
          grunt_temple_overflow_order_and_chaos_2, uniq_ijyb, uniq_jessica,
          uniq_crazy_yiuf_cottage
D:4:      layout_loops_ring, kennysheep_okawaru_gauntlet, temple_green
D:5:      layout_gridville, lemuel_round_altar, uniq_edmund, uniq_menkaure,
          uniq_grinder

Skill      XL: |  1  2  3  4  5  6 |
---------------+-------------------+-----
Axes           | 3 4 5 6 7 |  7.5
Fighting       | |  3.0
Armour         | |  1.7
Dodging        | |  1.7

Action                   |  1- 3 |  4- 6 |  7- 9 || total
-------------------------+-------+-------+-------++-------
Melee: Hand axe          |    50 |    85 |       ||   135
       Punch             |     1 |     1 |       ||     2
       Whip              |       |    43 |       ||    43
Throw: Dart              |       |     7 |       ||     7
Invok: Berserk           |     2 |     5 |       ||     7
Evoke: Wand              |     1 |    10 |       ||    11
 Stab: Distracted        |       |     1 |       ||     1
       Sleeping          |       |     1 |       ||     1
Armor: Animal skin       |     6 |    13 |       ||    19
       Ring mail         |       |     7 |       ||     7
Dodge: Dodged            |    19 |    81 |       ||   100

Table legend: (Time is in decaauts)
 A = Elapsed time spent in this place.
 B = Non-inter-level travel time spent in this place.
 C = Inter-level travel time spent in this place.
 D = Time resting spent in this place.
 E = Time spent auto-exploring this place.
 F = Levels seen in this place.
 G = Mean time per level.
                   A        B        C        D        E       F      G
               +--------+--------+--------+--------+--------+-----+--------+
         Total |   4659 |   4561 |     98 |   1311 |   2779 |   5 |  931.8 |
       Dungeon |   4659 |   4561 |     98 |   1311 |   2779 |   5 |  931.8 |
               +--------+--------+--------+--------+--------+-----+--------+

Top non-repeatable levels by time:
     D:4: 1576 daAuts
     D:1: 1181 daAuts
     D:3: 1112 daAuts
     D:2: 615 daAuts
     D:5: 174 daAuts
